Map: Pillars of Gold LE

Players

Robbie (Rob)

  • Race: Protoss Protoss
  • League: Grandmaster
  • Spawn Location: 1:00

Nina - Winner!

  • Race: Protoss Protoss
  • League: Grandmaster
  • Spawn Location: 7:00

Event: DreamHack SC2 Masters 2020 Fall

VOD

Have the link to the VOD?

Description

Time

  • Played on: Sept. 1, 2020, 7:01 p.m.
  • Length: 7:33

All games in this series

Show
View Real Time Build Order
Export as new Build Order

Robbie Protoss 

Build Orders:  

Get SALT Encoding   

  12  0:00  Probe  
  13  0:13  Probe  
  14  0:22  Pylon  
  14  0:25  Probe  
  15  0:40  Probe (Chrono Boost)  
  16  0:44  Gateway  
  16  0:49  Probe (Chrono Boost)  
  17  0:53  Assimilator  
  17  0:54  Probe  
  18  1:01  Assimilator  
  18  1:06  Probe  
  18  1:10  Gateway  
  19  1:19  Probe  
  20  1:31  Probe  
  21  1:32  Cybernetics Core  
  21  1:43  Probe  
  21  1:46  Pylon  
  22  1:55  Probe  
  23  2:07  Adept x2 (Chrono Boost), Probe  
  24  2:11  Warp Gate  
  28  2:18  Pylon  
  28  2:28  Stargate  
  28  2:32  Stalker  
  30  2:40  Stalker  
  32  3:02  Void Ray (Chrono Boost)  
  34  3:22  Nexus  
  32  3:29  Shield Battery  
  32  3:30  Probe  
  33  3:39  Pylon  
  33  3:44  Pylon  
  33  3:59  Stalker  
  33  4:00  Stalker  
  33  4:02  Probe  
  38  4:10  Void Ray (Chrono Boost)  
  38  4:14  Probe  
  43  4:26  Probe  
  43  4:28  Shield Battery  
  44  4:34  Probe  
  45  4:39  Probe  
  45  4:45  Void Ray (Chrono Boost)  
  46  4:46  Probe  
  46  4:51  Probe  
  52  4:58  Probe  
  53  5:01  Pylon  
  53  5:03  Probe  
  54  5:10  Probe  
  54  5:11  Stargate  
  55  5:15  Void Ray (Chrono Boost), Probe  
  55  5:18  Shield Battery  
  56  5:25  Assimilator  
  56  5:28  Assimilator  
  60  5:30  Probe  
  60  5:32  Probe  
  62  5:38  Pylon  
  62  5:43  Probe  
  62  5:44  Probe  
  65  5:58  Pylon  
  65  6:00  Pylon  
  65  6:04  Oracle (Chrono Boost)  
  65  6:05  Pylon  
  58  6:23  Probe x2  
  60  6:26  Pylon  
  57  6:35  Void Ray, Probe x2  
  60  6:47  Probe x2  
  62  6:59  Probe (Chrono Boost)  
  64  7:02  Probe (Chrono Boost)  
  64  7:03  Pylon  
  63  7:11  Probe (Chrono Boost)  
  63  7:15  Probe (Chrono Boost)  
  65  7:16  Probe (Chrono Boost)  
  65  7:21  Pylon  
Show
View Real Time Build Order
Export as new Build Order

Nina Protoss - Winner!

Build Orders: Double Forge, Blink Stalkers 

Get SALT Encoding   

  12  0:00  Probe  
  13  0:12  Probe  
  14  0:18  Pylon  
  14  0:24  Probe  
  15  0:36  Probe (Chrono Boost)  
  15  0:39  Gateway  
  16  0:46  Probe (Chrono Boost)  
  17  0:51  Assimilator, Probe (Chrono Boost)  
  18  0:59  Assimilator  
  18  1:05  Probe (Chrono Boost)  
  19  1:13  Gateway  
  19  1:16  Probe (Chrono Boost)  
  20  1:21  Probe (Chrono Boost)  
  21  1:29  Cybernetics Core  
  21  1:33  Probe  
  22  1:44  Pylon  
  22  1:45  Probe  
  23  2:02  Probe  
  23  2:05  Stalker  
  23  2:06  Stalker  
  23  2:07  Warp Gate  
  28  2:15  Probe  
  29  2:17  Pylon  
  29  2:35  Stalker x2  
  33  2:42  Probe  
  34  2:48  Pylon  
  34  2:59  Probe  
  35  3:08  Forge  
  35  3:09  Twilight Council  
  35  3:17  Stargate  
  35  3:32  Probe  
  36  3:37  Nexus  
  36  3:44  Pylon  
  36  3:48  Blink (Chrono Boost)  
  36  3:56  Probe  
  37  4:03  Stalker x2  
  41  4:14  Dark Shrine  
  41  4:17  Pylon  
  41  4:29  Gateway  
  41  4:35  Probe  
  42  4:41  Stalker  
  42  4:43  Stalker  
  46  4:49  Probe  
  46  4:51  Probe  
  48  4:59  Forge  
  48  5:08  Pylon  
  48  5:10  Probe  
  48  5:11  Probe  
  50  5:15  Stalker  
  52  5:22  Probe  
  52  5:23  Probe  
  52  5:26  Dark Templar  
  56  5:29  Dark Templar  
  58  5:36  Photon Cannon  
  58  5:41  Stalker  
  60  5:43  Probe  
  60  5:44  Probe  
  62  5:55  Probe  
  62  5:56  Probe  
  64  6:02  Gateway  
  64  6:07  Probe  
  64  6:09  Probe  
  58  6:19  Probe  
  58  6:22  Stalker x3  
  65  6:25  Gateway  
  65  6:26  Probe  
  65  6:27  Gateway  
  66  6:34  Probe  
  66  6:38  Probe  
  66  6:46  Assimilator  
  66  6:47  Probe  
  67  6:52  Assimilator, Stalker x2  
  67  6:53  Pylon  
  69  6:59  Probe  
  68  7:02  Pylon  
  68  7:04  Stalker  
  68  7:06  Photon Cannon  
  70  7:11  Probe  
  70  7:13  Stalker  
  73  7:16  Stalker x2  
  73  7:21  Stalker  

Tags
 
Add a new tag
Caveats
  • Supply blocks, unpowered buildings, or Contaminate may cause inaccurate times.
  • Supply counts are checked every 10 seconds.